 Dungeon Crawl Stone Soup version 0.28-a0-1486-g8196b01e9b (console) character file.

Game seed: 10770545165234227646

33 Banquo the Skirmisher (level 3, -4/30 HPs)
             Began as a Djinni Cinder Acolyte on Jan 12, 2022.
             Was a High Priest of Ignis.
             Frozen to death by an endoplasm (6 damage)
             ... on level 1 of the Dungeon.
             The game lasted 00:01:57 (1156 turns).

Banquo the Skirmisher (Djinni Cinder Acolyte)       Turns: 1156, Time: 00:01:57

Health: -4/30      AC:  2    Str: 13    XL:     3   Next: 47%
Gold:   25         EV: 11    Int: 17    God:    Ignis [*****.] SH:  0 Dex:  8

rFire   + + +      SeeInvis +   a - -1 short sword (flame)
rCold   x . .      Faith    .   (no shield)
rNeg    . . .      Spirit   .   b - +0 robe
rPois   ∞          Reflect  .   (no helmet)
rElec   .          Harm     .   (no cloak)
rCorr   .          Rampage  .   (no gloves)
Will    .....                   (boots unavailable)
Stlth   +.........              (no amulet)
HPRegen 0.10/turn               c - ring of see invisible
MPRegen 0.00/turn               (no ring)

@: flying
A: sickness immunity, fire resistance 2, cold vulnerability 1, float, innate
caster, hp casting, extra vitality 1
a: Renounce Religion, Fiery Armour, Foxfire Swarm, Rising Flame


You were on level 1 of the Dungeon.
You worshipped Ignis.
Ignis was extremely pleased with you.
You visited 1 branch of the dungeon, and saw 1 of its levels.

You collected 25 gold pieces.

Inventory:

Hand Weapons
 a - a -1 short sword of flaming (weapon)
Armour
 b - a +0 robe (worn)
Jewellery
 c - a ring of see invisible (left hand)
Scrolls
 d - a scroll of immolation {unknown}
 f - a scroll of enchant armour {unknown}
Potions
 e - a potion of curing {unknown}


   Skills:
 * Level 3.3 Fighting
 * Level 3.1 Short Blades
 * Level 0.6 Dodging
 * Level 2.8 Spellcasting


You had 4 spell levels left.
You knew the following spells:

 Your Spells              Type           Power      Damage    Failure   Level
a - Scorch                Fire           22%        2d6       9%          2
b - Beastly Appendage     Tmut           22%        N/A       5%          1
Your spell library was empty.

Dungeon Overview and Level Annotations

Branches:
Dungeon (1/15)

Altars:


Innate Abilities, Weirdness & Mutations

You are immune to sickness and miasma.
You are immune to poison.
Your flesh is very heat resistant. (rF++)
You are vulnerable to cold. (rC-)
You float through the air rather than walking.
You learn spells naturally, not from books.
Your magical power is your life essence.
You have superior vitality. (+4 MHP)


Message History

The quokka bites you. The quokka bites you.
Casting: Scorch (safe; 9% risk of failure)
Confirm with . or Enter, or press ? or * to list all spells.
Flames lash the quokka.
You kill the quokka!
A dart slug comes into view.
Casting: Scorch (safe; 9% risk of failure)
Confirm with . or Enter, or press ? or * to list all spells.
Flames lash the ball python.
You kill the ball python!
An endoplasm comes into view.
Casting: Scorch (safe; 9% risk of failure)
Confirm with . or Enter, or press ? or * to list all spells.
Flames lash the rat.
The rat is heavily wounded.
The rat's fire resistance burns away.
* * * LOW HITPOINT WARNING * * *
The rat bites you.
* * * LOW HITPOINT WARNING * * *
Your magical contamination has completely faded away.
The rat bites you but does no damage.
Casting: Scorch (safe; 9% risk of failure)
Confirm with . or Enter, or press ? or * to list all spells.
Flames lash the rat.
The rat is burned terribly!
You kill the rat!
* * * LOW HITPOINT WARNING * * *
The endoplasm barely misses you.
Unknown command.
Casting: Scorch (safe; 9% risk of failure)
Confirm with . or Enter, or press ? or * to list all spells.
Flames lash the dart slug.
The dart slug is heavily wounded.
The dart slug's fire resistance burns away.
* * * LOW HITPOINT WARNING * * *
The endoplasm hits you.
* * * LOW HITPOINT WARNING * * *
The endoplasm freezes you.
You are frozen.
You feel a terrible chill!
You die...

........#.......#
...............## .
................. ..
............####. ...
...............†. ....
####.#..###..)
.....######.............
.....wJ..........####...
#@.........# #...
...####.........# ####
................#######
..######......†........
#..[.....#######
#####....# #....# #....#
#....#


You could see a dart slug (combustible) and an endoplasm.

Vanquished Creatures
  3 dart slugs (D:1)
  An endoplasm (D:1)
  2 giant cockroaches (D:1)
  3 goblins (D:1)
  2 hobgoblins (D:1)
  3 jackals (D:1)
  2 quokkas (D:1)
  3 ball pythons (D:1)
  A bat (D:1)
  A kobold (D:1)
  5 rats (D:1)
26 creatures vanquished.

Notes
Turn   | Place    | Note
-------+----------+-------------------------------------------
     0 | D:1      | Banquo the Djinni Cinder Acolyte began the quest for the
                  | Orb.
     0 | D:1      | Reached XP level 1. HP: 20/20 MP: 0/0
   218 | D:1      | Reached XP level 2. HP: 18/25 MP: 0/0
   356 | D:1      | Found a faded altar of an unknown god.
   935 | D:1      | Reached XP level 3. HP: 28/30 MP: 0/0
   935 | D:1      | Learned a level 1 spell: Beastly Appendage
  1155 | D:1      | HP: 1/30 [endoplasm (1)]
  1156 | D:1      | Frozen to death by an endoplasm

Illustrated notes

Levels and vault maps discovered:
D:1:      sevenhm_arrival_forest_fort_large_4, layout_rooms,
          ebering_ecumenical_altar_ruins, minmay_misc_feat_alley

Skill      XL: |  1  2  3 |
---------------+----------+-----
Short Blades   | 3 |  3.1
Fighting       | |  3.3
Dodging        | |  0.6
Spellcasting   | |  2.8

Action                   || total
-------------------------++-------
Melee: Short sword       ||    40
 Cast: Scorch            ||    21
Armor: Robe              ||     6
Dodge: Dodged            ||    25

Table legend: (Time is in decaauts)
 A = Elapsed time spent in this place.
 B = Non-inter-level travel time spent in this place.
 C = Inter-level travel time spent in this place.
 D = Time resting spent in this place.
 E = Time spent auto-exploring this place.
 F = Levels seen in this place.
 G = Mean time per level.
                   A        B        C        D        E       F      G
               +--------+--------+--------+--------+--------+-----+--------+
         Total |   1154 |   1154 |      0 |    424 |    548 |   1 | 1154.0 |
       Dungeon |   1154 |   1154 |      0 |    424 |    548 |   1 | 1154.0 |
               +--------+--------+--------+--------+--------+-----+--------+

Top non-repeatable levels by time:
     D:1: 1154 daAuts
